 Dungeon Crawl Stone Soup version 0.28-a0-224-g76b539d98b (webtiles) character file.

Game seed: 13730818146408141966

30 Murumi the Cudgeller (level 3, -2/37 HPs)
             Began as an Ogre Gladiator on Aug 21, 2021.
             Succumbed to Robin's poison
             ... on level 1 of the Dungeon.
             The game lasted 00:05:25 (1018 turns).

Murumi the Cudgeller (Ogre Gladiator)               Turns: 1018, Time: 00:05:25

Health: -2/37      AC:  4    Str: 18    XL:     3   Next: 18%
Magic:  3/3        EV: 11    Int: 10    God:
Gold:   46         SH:  0    Dex: 16    Spells: 2/2 levels left

rFire   . . .      SeeInvis .   a - +1 flail
rCold   . . .      Faith    .   (no shield)
rNeg    . . .      Spirit   .   b - +0 robe
rPois   .          Reflect  .   c - +1 hat
rElec   .          Harm     .   (no cloak)
rCorr   .          Rampage  .   (gloves unavailable)
Will    .....                   (boots unavailable)
Stlth   ++........              (no amulet)
HPRegen 0.12/turn               j - +6 ring of dexterity
MPRegen 0.08/turn               (no ring)

@: lethally poisoned (-2 -> -22), flying
A: large, unfitting armour, tough skin 1
a: no special abilities


You were on level 1 of the Dungeon.
You visited 1 branch of the dungeon, and saw 2 of its levels.

You collected 46 gold pieces.

Inventory:

Hand Weapons
 a - a +1 flail (weapon)
Missiles
 e - 69 stones (quivered)
 h - 10 poisoned darts
Armour
 b - a +0 robe (worn)
 c - a +1 hat (worn)
Jewellery
 j - a +6 ring of dexterity (left hand)
Potions
 g - a potion of heal wounds {unknown}


   Skills:
 - Level 3.0 Fighting
 - Level 3.0 Maces & Flails
 - Level 2.0 Throwing
 - Level 3.0 Dodging
 + Level 1.4 Stealth


You had 2 spell levels left.
You didn't know any spells.
Your spell library was empty.

Dungeon Overview and Level Annotations

Branches:
Dungeon (2/15)

Altars:

Annotations:
D:1 Robin
D:2 Sigmund


Innate Abilities, Weirdness & Mutations

You are too large for most types of armour.
You have tough skin. (AC +1)


Message History

Robin hits you with a +1 mace of venom.
You are more poisoned.
A goblin comes into view. It is wielding a +0 dagger.
You feel very sick.
Robin roars a battlecry!
The goblin goes into a battle-frenzy!
You hear a shout! x2
You climb upwards.
* * * LOW HITPOINT WARNING * * *
You feel very sick.
There is a stone staircase leading down here.
Throw: 3 throwing nets
Press: ? - help, Q - select action, (/) - cycle Shift-Dir - straight line, f - Robin
Aim: Robin, wielding a +1 mace of venom, wearing a +0 animal skin and wearing a +0 helmet (moderately wounded, 69% to hit)
You throw a throwing net. The throwing net barely misses Robin.
* * * LOW HITPOINT WARNING * * *
You feel sick. Robin hits you with a +1 mace of venom.
* * * LOW HITPOINT WARNING * * *
You feel better. Robin hits you with a +1 mace of venom.
You are lethally poisoned!
Throw: 2 throwing nets
Press: ? - help, Q - select action, (/) - cycle Shift-Dir - straight line, f/p - Robin
Aim: Robin, wielding a +1 mace of venom, wearing a +0 animal skin and wearing a +0 helmet (moderately wounded, 69% to hit)
You throw a throwing net.
The throwing net completely misses Robin.
* * * LOW HITPOINT WARNING * * *
You feel very sick. Robin misses you.
Throw: throwing net
Press: ? - help, Q - select action, (/) - cycle Shift-Dir - straight line, f/p - Robin
Aim: Robin, wielding a +1 mace of venom, wearing a +0 animal skin and wearing a +0 helmet (moderately wounded, 69% to hit)
You throw a throwing net. The throwing net barely misses Robin.
* * * LOW HITPOINT WARNING * * *
You feel sick. Robin hits you with a +1 mace of venom.
* * * LOW HITPOINT WARNING * * *
You are more poisoned.
It was a potion of flight.
You feel very buoyant.
You fly up into the air.
You die...

########### #.........#
#.........#
#########.........#
#.......#.........#
#.......#....)....#
#.......#.........#
#######.......#.........#
##.....#...@.###.........#
##...........g.##.........#
#...............######..###
#...............# #..###
#...............# #....#
#...............# ##.#.###
#...............## #......
##...............#######.....
##.....#.....#..............


You could see Robin.

Vanquished Creatures
  A gnoll (D:1)
  2 giant cockroaches
  3 goblins
  3 hobgoblins
  3 quokkas (D:1)
  4 bats (D:1)
  2 rats (D:1)
18 creatures vanquished.

Notes
Turn   | Place    | Note
-------+----------+-------------------------------------------
     0 | D:1      | Murumi the Ogre Gladiator began the quest for the Orb.
     0 | D:1      | Reached XP level 1. HP: 22/22 MP: 1/1
   168 | D:1      | Reached XP level 2. HP: 26/31 MP: 2/2
   315 | D:1      | Reached skill level 1 in Stealth
   520 | D:1      | Reached XP level 3. HP: 33/37 MP: 3/3
   930 | D:2      | Noticed Sigmund
   945 | D:2      | Noticed Robin
  1018 | D:1      | Succumbed to Robin's poison

Illustrated notes

Levels and vault maps discovered:
D:1:      dpeg_arrival_fog, layout_rooms
D:2:      minmay_chambers_of_twos, layout_basic,
          shapermc_ecumenical_altar_petra, minmay_joined_circles, uniq_sigmund,
          uniq_crazy_yiuf_cottage, uniq_robin

Skill      XL: |  1  2 |
---------------+-------+-----
Maces & Flails | 3 |  3.0
Fighting       | 3 |  3.0
Dodging        | 3 |  3.0
Stealth        | 1 |  1.4
Throwing       | |  2.0

Action                   || total
-------------------------++-------
Melee: Flail             ||    45
Throw: Stone             ||    26
       Dart              ||     3
       Throwing net      ||     3
  Use: Scroll            ||     2
       Potion            ||     2
 Stab: Sleeping          ||     1
Armor: Robe              ||    10
Dodge: Dodged            ||    22

Table legend: (Time is in decaauts)
 A = Elapsed time spent in this place.
 B = Non-inter-level travel time spent in this place.
 C = Inter-level travel time spent in this place.
 D = Time resting spent in this place.
 E = Time spent auto-exploring this place.
 F = Levels seen in this place.
 G = Mean time per level.
                   A        B        C        D        E       F      G
               +--------+--------+--------+--------+--------+-----+--------+
         Total |   1030 |    923 |    107 |      5 |    681 |   2 |  515.0 |
       Dungeon |   1030 |    923 |    107 |      5 |    681 |   2 |  515.0 |
               +--------+--------+--------+--------+--------+-----+--------+

Top non-repeatable levels by time:
     D:1: 761 daAuts
     D:2: 269 daAuts
